3A
ALAMEDA AIRMEN @ MONROEVILLE YINZERS
07/03/2041
 
TOP OF THE 1ST
Alameda Airmen batting - Pitching for Monroeville Yinzers : LHP Robert Erickson
Pitching: LHP Robert Erickson
Batting: LHB Jorge Peniche 0-0: Ball
1-0: Fly out, F9 (Line Drive, 9, EV 95.6 MPH)
Batting: LHB Daniel MacBrayne 0-0: Ground out 4-3 (Groundball, 34, EV 103.1 MPH)
Batting: RHB Miguel Angel Criado 0-0: Foul Ball, location: 2F
0-1: Fly out, F7 (Flyball, 7, EV 91.9 MPH)
Top of the 1st over - 0 runs, 0 hits, 0 errors, 0 left on base; Alameda 0 - Monroeville 0
BOTTOM OF THE 1ST
Monroeville Yinzers batting - Pitching for Alameda Airmen : RHP Toshinobu Nakamura
Pitching: RHP Toshinobu Nakamura
Batting: RHB Ryan McCarty 0-0: Ball
1-0: Ball
2-0: Ground out 5-3 (Groundball, 56, EV 103.8 MPH)
Batting: LHB Rashid Jeltkov 0-0: Foul Ball, location: 2F
0-1: Foul Ball, location: 2F
0-2: Ball
1-2: Foul Ball, location: 2F
1-2: Foul Ball, location: 2F
1-2: Foul Ball, location: 2F
1-2: DOUBLE (Line Drive, 78D, EV 105.0 MPH)
Batting: RHB Adam Cunningham 0-0: Swinging Strike
0-1: Foul Ball, location: 2F
0-2: Strikes out swinging
Batting: RHB Ryan Blonke 0-0: Ball
1-0: Ball
2-0: Called Strike
2-1: Called Strike
2-2: Ball
3-2: Foul Ball, location: 2F
3-2: SINGLE (Line Drive, 6MD, EV 93.8 MPH)
Rashid Jeltkov to third
Rashid Jeltkov scores
Batting: RHB Dave Hall 0-0: Called Strike
0-1: Ball
1-1: Foul Ball, location: 2F
1-2: Foul Ball, location: 2F
1-2: Strikes out swinging
Bottom of the 1st over - 1 run, 2 hits, 0 errors, 1 left on base; Alameda 0 - Monroeville 1
TOP OF THE 2ND
Alameda Airmen batting - Pitching for Monroeville Yinzers : LHP Robert Erickson
Batting: RHB César Jiménez 0-0: Called Strike
0-1: Ground out 6-3 (Groundball, 6M, EV 84.4 MPH)
Batting: RHB Héctor Heredice 0-0: Called Strike
0-1: Called Strike
0-2: Ball
1-2: Foul Ball, location: 2F
1-2: Strikes out looking
Batting: LHB Xue-qin Chen 0-0: Called Strike
0-1: Ball
1-1: Swinging Strike
1-2: Strikes out swinging
Top of the 2nd over - 0 runs, 0 hits, 0 errors, 0 left on base; Alameda 0 - Monroeville 1
BOTTOM OF THE 2ND
Monroeville Yinzers batting - Pitching for Alameda Airmen : RHP Toshinobu Nakamura
Batting: RHB Barend Huijbregts 0-0: Foul Ball, location: 2F
0-1: Swinging Strike
0-2: Ball
1-2: Strikes out swinging
Batting: SHB Chong-hun Cho 0-0: Called Strike
0-1: Hit by Pitch
Batting: RHB David Ferris 0-0: Fly out, F9 (Flyball, 9LM, EV 80.0 MPH)
Batting: RHB Stu Roberts 0-0: Ball
1-0: Ground out 4-3 (Groundball, 4, EV 104.4 MPH)
Bottom of the 2nd over - 0 runs, 0 hits, 0 errors, 1 left on base; Alameda 0 - Monroeville 1
TOP OF THE 3RD
Alameda Airmen batting - Pitching for Monroeville Yinzers : LHP Robert Erickson
Batting: RHB Roberto Berganza 0-0: Ball
1-0: Ball
2-0: Swinging Strike
2-1: Ball
3-1: Foul Ball, location: 2F
3-2: Base on Balls
Batting: RHB Reynold Jongenelen 0-0: Called Strike
0-1: Ball
1-1: Ball
2-1: Grounds into double play, 6-4-3 (Groundball, 56, EV 95.6 MPH)
Batting: RHB Joon-suk Kim 0-0: Called Strike
0-1: Ball
1-1: Swinging Strike
1-2: Strikes out swinging
Top of the 3rd over - 0 runs, 0 hits, 0 errors, 0 left on base; Alameda 0 - Monroeville 1
BOTTOM OF THE 3RD
Monroeville Yinzers batting - Pitching for Alameda Airmen : RHP Toshinobu Nakamura
Batting: RHB Ryan McCarty 0-0: Ball
1-0: Swinging Strike
1-1: Swinging Strike
1-2: Foul Ball, location: 2F
1-2: Ball
2-2: Fly out, F7 (Flyball, 7, EV 89.4 MPH)
Batting: LHB Rashid Jeltkov 0-0: Ball
1-0: Swinging Strike
1-1: Ball
2-1: Foul Ball, location: 2F
2-2: Ball
3-2: Strikes out swinging
Batting: RHB Adam Cunningham 0-0: Ball
1-0: SINGLE (Flyball, 78M, EV 92.5 MPH)
Batting: RHB Ryan Blonke 0-0: Called Strike
0-1: Foul Ball, location: 2F
0-2: Foul Ball, location: 2F
0-2: Ball
1-2: Foul Ball, location: 2F
1-2: Foul Ball, location: 2F
1-2: Ball
2-2: Ball
3-2: Strikes out swinging
Bottom of the 3rd over - 0 runs, 1 hit, 0 errors, 1 left on base; Alameda 0 - Monroeville 1
TOP OF THE 4TH
Alameda Airmen batting - Pitching for Monroeville Yinzers : LHP Robert Erickson
Batting: LHB Jorge Peniche 0-0: Called Strike
0-1: Ball
1-1: Foul Ball, location: 2F
1-2: Foul Ball, location: 2F
1-2: Ball
2-2: Fly out, F7 (Flyball, 7, EV 85.6 MPH)
Batting: LHB Daniel MacBrayne 0-0: Ground out U3 (Groundball, 3L, EV 81.2 MPH)
Batting: RHB Miguel Angel Criado 0-0: Ball
1-0: Ball
2-0: Foul Ball, location: 2F
2-1: Swinging Strike
2-2: Ground out 5-3 (Groundball, 56, EV 83.8 MPH)
Top of the 4th over - 0 runs, 0 hits, 0 errors, 0 left on base; Alameda 0 - Monroeville 1
BOTTOM OF THE 4TH
Monroeville Yinzers batting - Pitching for Alameda Airmen : RHP Toshinobu Nakamura
Batting: RHB Dave Hall 0-0: Foul Ball, location: 2F
0-1: Ball
1-1: Ground out 1-3 (Groundball, P, EV 64.4 MPH)
Batting: RHB Barend Huijbregts 0-0: Called Strike
0-1: Foul Ball, location: 2F
0-2: Ball
1-2: Strikes out swinging
Batting: SHB Chong-hun Cho 0-0: Foul Ball, location: 2F
0-1: Fly out, F7 (Flyball, 78D, EV 102.5 MPH)
Bottom of the 4th over - 0 runs, 0 hits, 0 errors, 0 left on base; Alameda 0 - Monroeville 1
TOP OF THE 5TH
Alameda Airmen batting - Pitching for Monroeville Yinzers : LHP Robert Erickson
Batting: RHB César Jiménez 0-0: Called Strike
0-1: Called Strike
0-2: Ball
1-2: Foul Ball, location: 2F
1-2: Foul Ball, location: 2F
1-2: Ball
2-2: Ball
3-2: Base on Balls
Batting: RHB Héctor Heredice 0-0: DOUBLE (Flyball, 7LD, EV 104.4 MPH)
César Jiménez to third
Batting: LHB Xue-qin Chen 0-0: Ball
1-0: Swinging Strike
1-1: Called Strike
1-2: Strikes out swinging
Batting: RHB Roberto Berganza 0-0: Called Strike
0-1: Ball
1-1: Ball
2-1: Foul Ball, location: 2F
2-2: Ball
3-2: Ground out 3-1 (Groundball, 3, EV 90.6 MPH)
Batting: RHB Reynold Jongenelen 0-0: Swinging Strike
0-1: Ball
1-1: Ball
2-1: Foul Ball, location: 2F
2-2: Foul Ball, location: 2F
2-2: SINGLE (Groundball, 4MD, EV 103.1 MPH)
César Jiménez scores
Héctor Heredice to third
Runner from 3rd tries for Home, throw by CF and OUT! 8-2
Top of the 5th over - 1 run, 2 hits, 0 errors, 1 left on base; Alameda 1 - Monroeville 1
BOTTOM OF THE 5TH
Monroeville Yinzers batting - Pitching for Alameda Airmen : RHP Toshinobu Nakamura
Batting: RHB David Ferris 0-0: Ball
1-0: Swinging Strike
1-1: Ball
2-1: Fly out, F8 (Flyball, 8RXD, EV 80.6 MPH)
Batting: RHB Stu Roberts 0-0: Called Strike
0-1: DOUBLE (Flyball, 89D, EV 111.9 MPH)
Batting: RHB Ryan McCarty 0-0: Ball
1-0: Ball
2-0: Ground out 6-3 (Groundball, 6, EV 100.0 MPH)
Batting: LHB Rashid Jeltkov 0-0: Foul Ball, location: 2F
0-1: Ball
Wild Pitch!
Stu Roberts to third
1-1: Foul Ball, location: 2F
1-2: Ground out 6-3 (Groundball, 6, EV 86.2 MPH)
Bottom of the 5th over - 0 runs, 1 hit, 0 errors, 1 left on base; Alameda 1 - Monroeville 1
TOP OF THE 6TH
Alameda Airmen batting - Pitching for Monroeville Yinzers : LHP Robert Erickson
Batting: RHB Joon-suk Kim 0-0: Ball
1-0: Foul Ball, location: 2F
1-1: Ball
2-1: Foul Ball, location: 2F
2-2: Ball
3-2: SINGLE (Groundball, 4MD, EV 98.1 MPH)
Batting: LHB Jorge Peniche 0-0: Ball
1-0: Bunted foul
1-1: Bunted foul
1-2: Ball
2-2: Foul Ball, location: 2F
2-2: Strikes out swinging
Batting: LHB Daniel MacBrayne 0-0: Swinging Strike
0-1: Fly out, F7 (Flyball, 7LSF, EV 89.4 MPH)
Batting: RHB Miguel Angel Criado 0-0: Ball
1-0: Ball
2-0: Called Strike
2-1: Foul Ball, location: 2F
2-2: Strikes out looking
Top of the 6th over - 0 runs, 1 hit, 0 errors, 1 left on base; Alameda 1 - Monroeville 1
BOTTOM OF THE 6TH
Monroeville Yinzers batting - Pitching for Alameda Airmen : RHP Toshinobu Nakamura
Batting: RHB Adam Cunningham 0-0: Ball
1-0: Ball
2-0: Called Strike
2-1: Foul Ball, location: 2F
2-2: Foul Ball, location: 2F
2-2: Ball
3-2: SINGLE (Groundball, 4, EV 103.8 MPH) (infield hit)
Batting: RHB Ryan Blonke 0-0: Called Strike
0-1: Called Strike
0-2: Ball
1-2: SINGLE (Line Drive, 8RS, EV 103.8 MPH)
Adam Cunningham to second
Pitching: RHP Leo Madaev
Batting: RHB Dave Hall 0-0: Foul Ball, location: 2F
0-1: Swinging Strike
0-2: Strikes out looking
Batting: RHB Barend Huijbregts 0-0: Ball
1-0: SINGLE (Flyball, 9LS, EV 93.8 MPH)
Adam Cunningham to third
Ryan Blonke to second
Batting: SHB Chong-hun Cho 0-0: Called Strike
0-1: Ball
1-1: Foul Ball, location: 2F
1-2: Foul Ball, location: 2F
1-2: Ball
2-2: Foul Ball, location: 2F
2-2: Foul Ball, location: 2F
2-2: Fly out, F9 (Flyball, 9, EV 93.1 MPH)
Runner from 3rd tags up, OUT at HOME! 9-2
Bottom of the 6th over - 0 runs, 3 hits, 0 errors, 2 left on base; Alameda 1 - Monroeville 1
TOP OF THE 7TH
Alameda Airmen batting - Pitching for Monroeville Yinzers : LHP Robert Erickson
Pitching: RHP Carlos Guerrero
Batting: RHB César Jiménez 0-0: Ball
1-0: Ball
2-0: Fly out, F7 (Flyball, 78S, EV 86.9 MPH)
Batting: RHB Héctor Heredice 0-0: Foul Ball, location: 2F
0-1: Ball
1-1: Ball
2-1: SINGLE (Line Drive, 89S, EV 90.0 MPH)
Batting: LHB Xue-qin Chen 0-0: Ball
1-0: 2-RUN HOME RUN (Flyball, 89XD, EV 91.9 MPH), Distance : 402 ft
Batting: RHB Roberto Berganza 0-0: Ball
1-0: Ball
2-0: Ball
3-0: Base on Balls
Batting: RHB Reynold Jongenelen 0-0: Called Strike
0-1: Foul Ball, location: 2F
0-2: Foul Ball, location: 2F
0-2: Ball
1-2: Grounds into double play, 4-6-3 (Groundball, 4, EV 103.1 MPH)
Top of the 7th over - 2 runs, 2 hits, 0 errors, 0 left on base; Alameda 3 - Monroeville 1
BOTTOM OF THE 7TH
Monroeville Yinzers batting - Pitching for Alameda Airmen : RHP Leo Madaev
Batting: RHB David Ferris 0-0: Foul Ball, location: 2F
0-1: Called Strike
0-2: Ball
1-2: Strikes out swinging
Batting: RHB Stu Roberts 0-0: Foul Ball, location: 2F
0-1: Called Strike
0-2: Ball
1-2: Strikes out swinging
Batting: RHB Ryan McCarty 0-0: Foul Ball, location: 2F
0-1: Ground out 6-3 (Groundball, 6M, EV 78.8 MPH)
Bottom of the 7th over - 0 runs, 0 hits, 0 errors, 0 left on base; Alameda 3 - Monroeville 1
TOP OF THE 8TH
Alameda Airmen batting - Pitching for Monroeville Yinzers : RHP Carlos Guerrero
Batting: RHB Joon-suk Kim 0-0: Ball
1-0: Swinging Strike
1-1: Ball
2-1: SINGLE (Line Drive, 56D, EV 97.5 MPH)
Batting: LHB Jorge Peniche 0-0: Sac Bunt to 13 - play at first, batter OUT! 1-3
Joon-suk Kim to second
Batting: LHB Daniel MacBrayne 0-0: Fly out, F9 (Flyball, 89XD, EV 80.0 MPH)
Runner from 2nd tags up, SAFE at 3rd, no throw by RF
Batting: RHB Miguel Angel Criado 0-0: Ball
1-0: Ball
2-0: Called Strike
2-1: Foul Ball, location: 2F
2-2: Strikes out looking
Top of the 8th over - 0 runs, 1 hit, 0 errors, 1 left on base; Alameda 3 - Monroeville 1
BOTTOM OF THE 8TH
Monroeville Yinzers batting - Pitching for Alameda Airmen : RHP Leo Madaev
Batting: LHB Rashid Jeltkov 0-0: Swinging Strike
0-1: Foul Ball, location: 2F
0-2: Ball
1-2: Ball
2-2: Strikes out swinging
Batting: RHB Adam Cunningham 0-0: Ball
1-0: DOUBLE (Line Drive, 89XD, EV 105.0 MPH)
Batting: RHB Ryan Blonke 0-0: Swinging Strike
0-1: Ball
1-1: Ball
2-1: TRIPLE (Flyball, 78XD, EV 98.1 MPH)
Adam Cunningham scores
Pitching: RHP Kurt Adams
Batting: RHB Dave Hall 0-0: Ground out 1-3 (Groundball, 13, EV 87.5 MPH)
Batting: RHB Barend Huijbregts 0-0: Ball
1-0: Ground out 6-3 (Groundball, 6, EV 84.4 MPH)
Bottom of the 8th over - 1 run, 2 hits, 0 errors, 1 left on base; Alameda 3 - Monroeville 2
TOP OF THE 9TH
Alameda Airmen batting - Pitching for Monroeville Yinzers : RHP Carlos Guerrero
Batting: RHB César Jiménez 0-0: Called Strike
0-1: Ball
1-1: Called Strike
1-2: Foul Ball, location: 2F
1-2: Ball
2-2: Strikes out swinging
Batting: RHB Héctor Heredice 0-0: Called Strike
0-1: Ball
1-1: Ball
2-1: Ground out 5-3 (Groundball, 5, EV 90.6 MPH)
Batting: LHB Xue-qin Chen 0-0: Reached on error, E7 (Line Drive, 7D, EV 89.4 MPH)
Pitching: RHP Donovan Poe
Batting: RHB Roberto Berganza 0-0: Ball
1-0: Called Strike
1-1: 2-RUN HOME RUN (Flyball, 7D, EV 88.1 MPH), Distance : 367 ft
Batting: RHB Reynold Jongenelen 0-0: Ball
1-0: Fly out, F9 (Flyball, 9LMF, EV 111.2 MPH)
Top of the 9th over - 2 runs, 1 hit, 1 error, 0 left on base; Alameda 5 - Monroeville 2
BOTTOM OF THE 9TH
Monroeville Yinzers batting - Pitching for Alameda Airmen : RHP Kurt Adams
Pitching: RHP Foster McCoy
Now at 2B: Millard Morris
Batting: SHB Chong-hun Cho 0-0: Foul Ball, location: 2F
0-1: Fly out, F7 (Line Drive, 7, EV 101.2 MPH)
Batting: RHB David Ferris 0-0: Ball
1-0: Foul Ball, location: 2F
1-1: Ball
2-1: Foul Ball, location: 2F
2-2: Ball
3-2: Ground out 1-3 (Groundball, 34S, EV 90.0 MPH)
Batting: RHB Stu Roberts 0-0: Ball
1-0: Ball
2-0: Ball
3-0: Called Strike
3-1: Foul Ball, location: 2F
3-2: Strikes out looking
Bottom of the 9th over - 0 runs, 0 hits, 0 errors, 0 left on base; Alameda 5 - Monroeville 2
Tuesday, January 5th, 2021 - OOTP Baseball 20.8 Build 74